 Dungeon Crawl Stone Soup version 0.29-a0-857-g9b1aa3ac5b (webtiles) character file.

Game seed: 5400244508635267949

1776 reriks the Skirmisher (level 8, -3/42 HPs)
             Began as a Spriggan Hunter on July 17, 2022.
             Was an Initiate of Okawaru.
             Killed by divine providence
             ... invoked by an orc priest
              (7 damage)
             ... on level 6 of the Dungeon.
             The game lasted 00:15:50 (10019 turns).

reriks the Skirmisher (Spriggan Hunter)            Turns: 10019, Time: 00:15:51

Health: -3/42      AC:  2    Str:  9    XL:     8   Next: 81%
Magic:  9/9        EV: 21    Int: 11    God:    Okawaru [......]
Gold:   279        SH:  0    Dex: 18    Spells: 7/7 levels left

rFire   . . .      SeeInvis +   a - +0 shortbow
rCold   . . .      Faith    .   (shield currently unavailable)
rNeg    . . .      Spirit   .   c - +0 robe
rPois   .          Reflect  .   (helmet restricted)
rElec   .          Harm     .   (no cloak)
rCorr   .          Rampage  .   (gloves unavailable)
Will    +....                   (boots unavailable)
Stlth   ++++......              (no amulet)
HPRegen 0.14/turn               (no ring)
MPRegen 0.11/turn               (no ring)

@: very quick
A: very small, no large weapons, unfitting armour, see invisible, speed 3
a: Renounce Religion


You were on level 6 of the Dungeon.
You worshipped Okawaru.
Okawaru was noncommittal.
You visited 2 branches of the dungeon, and saw 7 of its levels.

You collected 279 gold pieces.

Inventory:

Hand Weapons
 a - a +0 shortbow (weapon)
Armour
 c - a +0 robe (worn)
Jewellery
 p - a ring of ice
Wands
 t - a wand of polymorph (6)
 v - a wand of charming (8)
 w - a wand of digging (2)
Scrolls
 b - 2 scrolls of immolation
 j - 2 scrolls of enchant weapon
 k - 3 scrolls of teleportation
 l - 2 scrolls of magic mapping
 m - 2 scrolls of vulnerability
 o - 2 scrolls of poison {unknown}
 q - a scroll of noise {unknown}
 s - 2 scrolls of blinking {unknown}
 x - a scroll of enchant armour {unknown}
 y - a scroll of summoning {unknown}
Potions
 d - a potion of curing
 e - 2 potions of ambrosia
 f - a potion of flight
 g - 4 potions of mutation
 i - a potion of heal wounds
 n - 2 potions of haste
 r - a potion of degeneration
 z - a potion of magic
 A - a potion of might


   Skills:
 + Level 4.4 Fighting
 * Level 8.3 Ranged Weapons
 + Level 7.2 Dodging
 + Level 8.0 Stealth


You had 7 spell levels left.
You didn't know any spells.
Your spell library contained the following spells:

 Spells                   Type           Power      Damage    Failure   Level
 Magic Dart               Conj           0%         1d3       34%         1
 Blink                    Tloc           0%         N/A       47%         2
 Searing Ray              Conj           0%         2d4       47%         2
 Lesser Beckoning         Tloc           0%         N/A       71%         3
 Mephitic Cloud           Conj/Pois/Air  0%         N/A       71%         3
 Fulminant Prism          Conj/Hex       0%         3d6       98%         4
 Manifold Assault         Tloc           0%         N/A       100%        5
 Call Imp                 Summ           Unusable   N/A       N/A         2

Dungeon Overview and Level Annotations

Branches:
Dungeon (6/15)             Temple (1/1) D:5

Altars:
Ashenzari
Cheibriados
Elyvilon
Fedhas
Gozag
Hepliaklqana
Kikubaaqudgha
Makhleb
Nemelex Xobeh
Okawaru
Ru
Sif Muna
Trog
Uskayaw
Vehumet
Wu Jian
Xom
Yredelemnul
Zin
The Shining One

Shops:
D:4 [

Annotations:
D:2 Sigmund
D:4 Eustachio
D:5 1 runed translucent door, Crazy Yiuf


Innate Abilities, Weirdness & Mutations

You are very small and have problems with some larger weapons.
You are too small for most types of armour.
You have supernaturally acute eyesight. (SInv)
You cover ground extremely quickly. (Speed+++)


Message History

Aim: an orc priest, wielding a +0 club (wandering, hasn't noticed you, 71% to hit)
The bolt of dispelling energy hits the orc warrior!
The orc warrior is heavily wounded.
The bolt of dispelling energy hits the orc priest!
The orc priest is almost dead.
The orc priest shouts!
You hear a shout!
Aiming: Quicksilver Bolt
Press: ? - help, Shift-Dir - straight line, f/p - orc priest
Aim: an orc priest, wielding a +0 club (almost dead, 71% to hit)
The bolt of dispelling energy misses the orc warrior.
The bolt of dispelling energy misses the orc priest.
The orc priest mumbles some strange prayers to Beogh against you.
Beogh smites you! The orc warrior misses you.
Aiming: Quicksilver Bolt
Press: ? - help, Shift-Dir - straight line, f/p - orc priest
Aim: an orc priest, wielding a +0 club (almost dead, 71% to hit)
The bolt of dispelling energy misses the orc warrior.
The bolt of dispelling energy hits the orc priest!!
You kill the orc priest!
Okawaru accepts your kill.
The now-empty wand crumbles to dust.
The orc warrior completely misses you.
Your Stealth skill increases to level 8!
You shoot an arrow.
The arrow hits the orc warrior but does no damage.
The orc warrior is heavily wounded.
The orc warrior throws a boomerang.
The boomerang hits you!
You are too injured to fight recklessly!
You see here a +0 giant club.
Fire: a) +0 shortbow
Press: ? - help, Q - select action, (/) - cycle Shift-Dir - straight line, f/p - orc warrior
Aim: an orc warrior, wielding a +0 glaive, wearing a +0 chain mail and quivering boomerangs (heavily wounded, 64% to hit)
You shoot an arrow. The orc priest shouts!
The arrow hits the orc warrior but does no damage.
The orc warrior is heavily wounded.
The orc warrior throws a boomerang.
The boomerang hits you!
* * * LOW HITPOINT WARNING * * *
The orc priest calls down the wrath of Beogh upon you.
Beogh smites you!
You die...

#...##..o.รท.#
######.####.#
#.####.##
#.......#
######.)#####
#.o....#
#.####o# #.#
#.# #@####.#
#...)o.#
########


You could see an orc warrior and an orc priest.

Vanquished Creatures
  Pikel (D:4)
  Grinder (D:5)
  Edmund (D:4)
  2 ogres (D:6)
  An ice beast (D:4)
  A lemure (D:3)
  2 scorpions
  2 jellies (D:4)
  5 orc priests
  3 hounds
  2 iguanas
  2 orc wizards
  7 gnolls
  6 adders
  A white imp (D:5)
  3 ufetubi
  3 worms
  2 dart slugs (D:3)
  22 orcs
  4 ball pythons
  3 endoplasms
  4 giant cockroaches
  5 goblins
  3 hobgoblins
  7 kobolds
  5 quokkas
  4 bats
  6 frilled lizards
  A rat (D:2)
109 creatures vanquished.

Notes
Turn   | Place    | Note
-------+----------+-------------------------------------------
     0 | D:1      | reriks the Spriggan Hunter began the quest for the Orb.
     0 | D:1      | Reached XP level 1. HP: 10/10 MP: 2/2
   608 | D:1      | Reached XP level 2. HP: 15/15 MP: 3/3
  1068 | D:2      | Reached XP level 3. HP: 18/18 MP: 4/4
  1492 | D:2      | Noticed Sigmund
  1590 | D:3      | Identified the +0 chain mail of the Demon Prince {Regen+}
  2214 | D:3      | Reached XP level 4. HP: 18/23 MP: 5/5
  3329 | D:4      | Noticed a lemure
  3332 | D:4      | Noticed Pikel
  3334 | D:4      | Noticed a lemure
  3335 | D:4      | Noticed a lemure
  3335 | D:4      | Noticed a lemure
  3354 | D:3      | Killed a lemure
  3381 | D:4      | Found Wiuraceu's Antique Armour Shop.
  3640 | D:4      | Reached skill level 5 in Ranged Weapons
  4104 | D:4      | Reached XP level 5. HP: 15/27 MP: 6/6
  4439 | D:4      | Reached XP level 6. HP: 32/32 MP: 7/7
  4595 | D:4      | Killed Pikel
  4596 | D:4      | Reached skill level 5 in Dodging
  4596 | D:4      | Reached skill level 5 in Stealth
  4596 | D:4      | Reached XP level 7. HP: 36/36 MP: 8/8
  5429 | D:4      | Found a glowing silver altar of Zin.
  5599 | D:4      | Found a shimmering blue altar of Sif Muna.
  5692 | D:5      | Entered Level 5 of the Dungeon
  5695 | D:5      | Noticed Grinder
  5953 | D:5      | Noticed Edmund
  6022 | D:4      | Killed Edmund
  6023 | D:4      | Reached XP level 8. HP: 42/42 MP: 9/9
  7180 | D:5      | Found a runed translucent door.
  7181 | D:5      | Noticed Crazy Yiuf
  7305 | D:5      | Found an opulent altar of Gozag.
  7308 | D:5      | Found a glowing golden altar of the Shining One.
  7310 | D:5      | Noticed Eustachio
  7594 | D:5      | Found a staircase to the Ecumenical Temple.
  7792 | D:5      | Paralysed by Grinder for 2 turns
  7803 | D:5      | Killed Grinder
  8025 | Temple   | Entered the Ecumenical Temple
  8123 | Temple   | Became a worshipper of Warmaster Okawaru
  9174 | D:6      | Found a burning altar of Makhleb.
 10019 | D:6      | Killed from afar by an orc priest

Illustrated notes

Levels and vault maps discovered:
D:1:      nicolae_arrival_memento_mori, layout_basic
D:2:      layout_basic, serial_shops, nicolae_shop_stone, uniq_sigmund
D:3:      layout_rooms, hangedman_feature_mirror
D:4:      kennysheep_big_flooded_room, layout_cave_pools,
          mainiacjoe_overflow_two_lobes, mrwooster_statue_mirror,
          nicolae_stop_n_shop_1, uniq_pikel
D:5:      layout_basic, nicolae_overflow_squiral, minmay_temple_entry_tees,
          uniq_eustachio, uniq_edmund, uniq_crazy_yiuf_cottage, uniq_grinder
D:6:      layout_basic, makhleb_heckhound_becter
Temple:   hellmonk_temple_of_storms

Skill      XL: |  1  2  3  4  5  6  7  8 |
---------------+-------------------------+-----
Stealth        | 2 3 4 5 6 8 |  8.0
Dodging        | 3 4 5 6 7 |  7.2
Fighting       | 2 3 4 |  4.4
Ranged Weapons | 5 6 7 8 |  8.3

Action                   |  1- 3 |  4- 6 |  7- 9 || total
-------------------------+-------+-------+-------++-------
 Fire: Shortbow          |   116 |   104 |   297 ||   517
Evoke: Wand              |       |     4 |     3 ||     7
  Use: Scroll            |       |       |    11 ||    11
Armor: Robe              |     5 |       |     4 ||     9
Dodge: Dodged            |    39 |    20 |    74 ||   133

Table legend: (Time is in decaauts)
 A = Elapsed time spent in this place.
 B = Non-inter-level travel time spent in this place.
 C = Inter-level travel time spent in this place.
 D = Time resting spent in this place.
 E = Time spent auto-exploring this place.
 F = Levels seen in this place.
 G = Mean time per level.
                   A        B        C        D        E       F      G
               +--------+--------+--------+--------+--------+-----+--------+
         Total |   8497 |   8227 |    270 |   5258 |   1656 |   7 | 1213.9 |
       Dungeon |   8432 |   8167 |    265 |   5258 |   1643 |   6 | 1405.3 |
        Temple |     65 |     61 |      4 |      0 |     13 |   1 |   65.0 |
               +--------+--------+--------+--------+--------+-----+--------+

Top non-repeatable levels by time:
     D:4: 3024 daAuts
     D:5: 2218 daAuts
     D:3: 1608 daAuts
     D:1: 669 daAuts
     D:2: 492 daAuts
     D:6: 418 daAuts
  Temple: 65 daAuts
